 Dungeon Crawl Stone Soup version 0.30-a0-187-gd9c2deaf24 (webtiles) character file.

Game seed: 14770429174712367811

910 Darkkill the Covered (level 8, -4/67 HPs)
             Began as a Human Chaos Knight on Oct 3, 2022.
             Was a Plaything of Xom.
             Slain by Edmund
             ... wielding a +1 dire flail of protection
              (8 damage)
             ... on level 5 of the Dungeon.
             The game lasted 00:08:27 (3986 turns).

Darkkill the Covered (Human Chaos Knight)           Turns: 3986, Time: 00:08:27

Health: -4/67      AC:  8    Str: 14    XL:     8   Next: 30%
Magic:  8/8        EV: 10    Int: 19    God:    Xom [....*.]
Gold:   987        SH:  0    Dex: 15    Spells: 7/7 levels left

rFire   . . .      SeeInvis .    e - +5 scythe (chaos)
rCold   . . .      Faith    .    (shield currently unavailable)
rNeg    . . .      Spirit   .    h - +0 scale mail
rPois   .          Reflect  .    (helmet restricted)
rElec   .          Harm     .    (no cloak)
rCorr   +          Rampage  .    k - +0 pair of gloves
Will    .....                    (no boots)
Stlth   ..........               (no amulet)
HPRegen 0.31/turn                z - ring of resist corrosion
MPRegen 0.11/turn                (no ring)

@: no status effects
A: antennae 2, beak, hooves 2, agile 1, clever 2, robust 1, strong 1, MP-powered
wands, noise suppression
a: Renounce Religion


You were on level 5 of the Dungeon.
You worshipped Xom.
You were a beloved toy of Xom.
You visited 1 branch of the dungeon, and saw 5 of its levels.

You collected 987 gold pieces.

Inventory:

Hand Weapons
 a - a +0 falchion of chaos
 e - a +5 scythe of chaos (weapon)
Missiles
 f - 2 boomerangs
 t - a throwing net
 x - 4 curare-tipped darts
 B - 6 poisoned darts
Armour
 b - a +2 leather armour
 h - a +0 scale mail (worn)
 k - a +0 pair of gloves (worn)
 A - a scarf of resistance
Magical Staves
 p - a staff of poison
 r - a staff of conjuration
Jewellery
 j - a ring of magical power
 n - a ring of willpower
 z - a ring of resist corrosion (left hand)
Wands
 C - a wand of acid (7)
Scrolls
 l - a scroll of fog
 m - 2 scrolls of teleportation
 w - 2 scrolls of amnesia
Potions
 g - 2 potions of berserk rage
 i - 2 potions of mutation {unknown}
 o - a potion of might {unknown}
 q - 3 potions of lignification
 s - 2 potions of flight {unknown}
 u - a potion of degeneration {unknown}
 v - 2 potions of cancellation {unknown}
Miscellaneous
 c - a piece from Xom's chessboard (11/15) (quivered)


   Skills:
 + Level 4.3 Fighting
 + Level 4.7 Long Blades
 + Level 4.3 Polearms
 + Level 5.0 Armour
 + Level 3.0 Dodging
 + Level 1.4 Stealth
 + Level 0.9 Evocations


You had 7 spell levels left.
You didn't know any spells.
Your spell library contained the following spells:

 Spells                   Type           Power      Damage    Failure   Level
 Sting                    Tmut/Pois      0%         1d3       61%         1
 Summon Small Mammal      Summ           0%         N/A       61%         1
 Poisonous Vapours        Pois/Air       0%         N/A       75%         2
 Call Canine Familiar     Summ           0%         N/A       93%         3
 Summon Guardian Golem    Hex/Summ       0%         N/A       93%         3
 Olgreb's Toxic Radiance  Pois           0%         N/A       100%        4


Dungeon Overview and Level Annotations

Branches:
Dungeon (5/15)             Temple (0/1) D:4

Altars:
Elyvilon
Uskayaw
Xom

Shops:
D:1 [

Annotations:
D:5 Edmund


Innate Abilities, Weirdness & Mutations

You have a pair of antennae on your head.
You have a beak for a mouth.
You have hoof-like feet.
You are agile. (Dex +4, Str/Int -1)
Your mind is very acute. (Int +8, Str/Dex -2)
You are robust. (+10% HP)
Your muscles are strong. (Str +4, Int/Dex -1)
You expend magic power (3 MP) to strengthen your wands.
You passively dampen the noise of your surroundings.


Message History

The gnoll hits you with a +1 vorpal spear.
Edmund hits you with a +1 dire flail of protection.
* * * LOW HITPOINT WARNING * * *
Items here: )) [ †.
You hit the gnoll.
The gnoll is poisoned.
Your kick misses the gnoll.
The gnoll is moderately wounded.
You feel sick.
You are no longer poisoned.
The gnoll barely misses you.
The black bear bites the plant.
The plant begins to die.
The black bear claws the plant. x2
Edmund closely misses you.
You puncture the gnoll! Lightning courses through the gnoll!
You kill the gnoll!
Edmund hits you with a +1 dire flail of protection.
* * * LOW HITPOINT WARNING * * *
The black bear bites the plant.
The black bear claws the plant. x2
Found 8 gold pieces.
Edmund hits you with a +1 dire flail of protection.
* * * LOW HITPOINT WARNING * * *
The black bear bites the plant.
The plant begins to die.
The black bear claws the plant. x2
Things that are here:
a +1 vorpal spear; a gnoll corpse You closely miss Edmund.
Your peck misses Edmund. "Forecast: mostly cloudy."
The black bear bites the plant!
The black bear claws the plant. x2
Edmund barely misses you.
Unknown command.
You puncture Edmund! You freeze Edmund. Your kick misses Edmund.
Your peck misses Edmund.
Edmund is heavily wounded.
A nearby plant withers and dies.
Edmund hits you with a +1 dire flail of protection!
* * * LOW HITPOINT WARNING * * *
The black bear bites the plant.
The plant begins to die.
The black bear claws the plant. x2; The black bear bites the plant!
The black bear claws the plant. x2
Edmund hits you with a +1 dire flail of protection!
You die...
Xom cackles wildly!

^............#...........##.#####
.............#..............#####
.....#########.#.####.###........
.....# ......#.####...+........
###### ......+..##...##>.......
..........#..#.##........
..........#.##..'........
....PP.P§§).#####........
...P..h@@§.># #########
.P..P.P§§.## ###### ###
.P.....P..# #....# #..
..P.[.....# #.##.###.#
.P.....P..# #.#...<#.#
..P.P$....# #.######.#
..........# #.........
######..$.# ##########


You could see Edmund and a black bear.

Vanquished Creatures
  Sigmund (D:2)
  A black bear (D:4)
  An ogre (D:5)
  A phantom (D:4)
  A gnoll sergeant (D:5)
  2 scorpions (D:4)
  A howler monkey (D:4)
  An orc priest (D:3)
  A jelly (D:4)
  An orc wizard (D:3)
  6 gnolls (D:5)
  3 adders
  A white imp (D:5)
  A worm (D:3)
  4 dart slugs
  10 orcs
  6 ball pythons
  9 endoplasms
  7 giant cockroaches
  4 goblins
  7 hobgoblins
  9 kobolds
  6 quokkas
  3 bats (D:1)
  A frilled lizard (D:2)
  9 rats
97 creatures vanquished.

Vanquished Creatures (others)
  3 fungi (D:2)
  6 plants
9 creatures vanquished.

Grand Total: 106 creatures vanquished

Notes
Turn   | Place    | Note
-------+----------+-------------------------------------------
     0 | D:1      | Darkkill the Human Chaos Knight began the quest for the
                  | Orb.
     0 | D:1      | Reached XP level 1. HP: 18/18 MP: 1/1
    81 | D:1      | Reached XP level 2. HP: 24/24 MP: 2/2
   222 | D:1      | XOM: divination: detect creatures
   233 | D:1      | XOM: smoke on damage
   271 | D:1      | Found Tuan's Armour Emporium.
   309 | D:1      | Reached XP level 3. HP: 29/29 MP: 3/3
   488 | D:1      | XOM: 4-stop teleportation journey
   958 | D:2      | Noticed Sigmund
   961 | D:2      | XOM: cast spell 'Statue Form'
   970 | D:2      | XOM: potion effect (haste)
   987 | D:2      | XOM: chaos upgrade
   991 | D:2      | Killed Sigmund
   992 | D:2      | Reached skill level 3 in Armour
   992 | D:2      | Reached skill level 1 in Stealth
   992 | D:2      | Reached XP level 4. HP: 12/37 MP: 4/4
   992 | D:2      | Reached XP level 5. HP: 14/42 MP: 5/5
   992 | D:2      | Reached XP level 6. HP: 16/48 MP: 6/6
  1168 | D:2      | Found a faded altar of an unknown god.
  1616 | D:2      | XOM: cloud trail
  1807 | D:3      | Reached skill level 1 in Polearms
  1993 | D:3      | Found a shimmering altar of Xom.
  2000 | D:3      | XOM: smoke on damage
  2147 | D:3      | XOM: noise
  2160 | D:3      | XOM: god gift: 20 gold pieces
  2184 | D:3      | XOM: give mutations
  2184 | D:3      | Gained mutation: You have large cloven feet. [Xom's grace]
  2184 | D:3      | Gained mutation: Your mind is acute. (Int +4, Str/Dex -1)
                  | [Xom's grace]
  2184 | D:3      | Gained mutation: You have hoof-like feet. [Xom's grace]
  2184 | D:3      | Gained mutation: You have a beak for a mouth. [Xom's grace]
  2495 | D:3      | XOM: give mutations
  2495 | D:3      | Gained mutation: Your mind is very acute. (Int +8, Str/Dex
                  | -2) [Xom's grace]
  2495 | D:3      | Gained mutation: You have a pair of small antennae on your
                  | head. [Xom's grace]
  2495 | D:3      | Gained mutation: You have a pair of antennae on your head.
                  | [Xom's grace]
  2495 | D:3      | Gained mutation: You expend magic power (3 MP) to
                  | strengthen your wands. [Xom's grace]
  2652 | D:4      | Reached XP level 7. HP: 46/53 MP: 7/7
  2778 | D:4      | Found a staircase to the Ecumenical Temple.
  2850 | D:4      | Reached skill level 4 in Armour
  2980 | D:4      | XOM: god gift: scroll of amnesia
  3028 | D:4      | XOM: 5-stop teleportation journey
  3095 | D:4      | Found a hide-covered altar of Uskayaw.
  3297 | D:4      | XOM: give mutations
  3297 | D:4      | Gained mutation: You passively dampen the noise of your
                  | surroundings. [Xom's grace]
  3297 | D:4      | Gained mutation: You are agile. (Dex +4, Str/Int -1) [Xom's
                  | grace]
  3459 | D:5      | XOM: stealth player
  3459 | D:5      | Entered Level 5 of the Dungeon
  3513 | D:5      | Found a white marble altar of Elyvilon.
  3526 | D:5      | XOM: cast spell 'Death Channel'
  3648 | D:5      | XOM: give mutations
  3648 | D:5      | Gained mutation: You are robust. (+10% HP) [Xom's grace]
  3648 | D:5      | Gained mutation: Your muscles are strong. (Str +4, Int/Dex
                  | -1) [Xom's grace]
  3668 | D:5      | XOM: 1-stop teleportation journey
  3673 | D:5      | Reached XP level 8. HP: 64/66 MP: 8/8
  3732 | D:5      | XOM: butterfly on damage
  3760 | D:5      | XOM: god gift: 768 gold pieces
  3976 | D:5      | Noticed Edmund
  3978 | D:5      | Reached skill level 5 in Armour
  3985 | D:5      | XOM: fog
  3986 | D:5      | Slain by Edmund

Illustrated notes

Levels and vault maps discovered:
D:1:      dpeg_arrival_simpleton_a, layout_basic, serial_shops,
          nicolae_shop_hallway_stairs, minmay_tall_x
D:2:      layout_basic, dreamdust_ecumenical_altar_grove,
          mrwooster_statue_mirror, uniq_sigmund
D:3:      layout_basic, mainiacjoe_overflow_concentric_impassable,
          serial_bayou_lagoon_a, kennysheep_generic_room_13
D:4:      layout_cave_pools, nicolae_uskayaw_suspiria,
          minmay_temple_entry_glassed_door
D:5:      layout_basic, lemuel_round_altar, nicolae_grassy_gnolls, uniq_edmund

Skill      XL: |  1  2  3  4  5  6  7  8 |
---------------+-------------------------+-----
Long Blades    | 4 |  4.7
Armour         | 3 4 5 |  5.0
Dodging        | 2 3 |  3.0
Stealth        | 1 |  1.4
Polearms       | 2 3 4 |  4.3
Fighting       | 4 |  4.3
Evocations     | |  0.9

Action                   |  1- 3 |  4- 6 |  7- 9 || total
-------------------------+-------+-------+-------++-------
Melee: Falchion          |   119 |       |       ||   119
       Punch             |     1 |       |       ||     1
       Halberd           |       |    68 |    82 ||   150
       Kick              |       |     1 |    17 ||    18
       Peck              |       |       |     8 ||     8
Evoke: Piece from Xom's  |       |       |     4 ||     4
  Use: Scroll            |     3 |       |     8 ||    11
       Potion            |       |       |     3 ||     3
 Stab: Paralysed         |     2 |       |       ||     2
       Sleeping          |       |       |     1 ||     1
Armor: Leather armour    |    24 |       |       ||    24
       Scale mail        |    26 |    58 |    58 ||   142
       Skin              |     5 |       |       ||     5
Dodge: Dodged            |    84 |    42 |    61 ||   187

Table legend: (Time is in decaauts)
 A = Elapsed time spent in this place.
 B = Non-inter-level travel time spent in this place.
 C = Inter-level travel time spent in this place.
 D = Time resting spent in this place.
 E = Time spent auto-exploring this place.
 F = Levels seen in this place.
 G = Mean time per level.
                   A        B        C        D        E       F      G
               +--------+--------+--------+--------+--------+-----+--------+
         Total |   4051 |   3964 |     87 |    143 |   2772 |   5 |  810.2 |
       Dungeon |   4051 |   3964 |     87 |    143 |   2772 |   5 |  810.2 |
               +--------+--------+--------+--------+--------+-----+--------+

Top non-repeatable levels by time:
     D:1: 959 daAuts
     D:3: 872 daAuts
     D:2: 848 daAuts
     D:4: 833 daAuts
     D:5: 537 daAuts
